 Dungeon Crawl Stone Soup version 0.30.0-10-gfe55d96785 (webtiles) character file.

Game seed: 14541334910824062653

6 dolemite99 the Conjurer (level 1, 0/11 (17) HPs)
             Began as a Demigod Reaver on May 13, 2023.
             Frozen to death by an endoplasm (4 damage)
             ... on level 1 of the Dungeon.
             The game lasted 00:00:30 (382 turns).

dolemite99 the Conjurer (Demigod Reaver)             Turns: 382, Time: 00:00:31

HP:   0/11 (17)     AC:  3    Str: 13    XL:     1   Next: 60%
MP:   4/5           EV: 11    Int: 15    God:
Gold: 0             SH:  0    Dex: 12    Spells: 2/3 levels left

rFire   . . .        f - +0 dagger
rCold   . . .        (no shield)
rNeg    . . .        a - +0 leather armour
rPois   .            (no helmet)
rElec   .            (no cloak)
rCorr   .            (no gloves)
SInv    .            (no boots)
Will    .....        (no amulet)
Stlth   +            (no ring)
HPRegen 0.21/turn    (no ring)
MPRegen 0.09/turn

%: no passive effects
@: very heavily drained
A: high MP 1, forlorn, divine attributes
a: no special abilities


You were on level 1 of the Dungeon.
You visited 1 branch of the dungeon, and saw 1 of its levels.

Inventory:

Hand Weapons
 f - a +0 dagger (weapon)
Armour
 a - a +0 leather armour (worn)
Jewellery
 d - a +6 ring of dexterity
Scrolls
 b - a scroll of brand weapon {unknown}
 e - a scroll of identify {unknown}
Potions
 c - a potion of curing {unknown}


   Skills:
 - Level 1.7 Fighting
 - Level 1.7 Dodging
 - Level 2.6 Unarmed Combat
 - Level 1.7 Spellcasting
 + Level 3.1 Conjurations


You had 2 spell levels left.
You knew the following spells:

 Your Spells              Type           Power      Damage    Failure   Level
a - Kiss of Death         Conj/Necr      24%        2d7       16%         1

Your spell library contained the following spells:

 Spells                   Type           Power      Damage    Failure   Level
 Momentum Strike          Conj/Tloc      12%        3d8       22%         2
 Hailstorm                Conj/Ice       6%         3d4       41%         3


Dungeon Overview and Level Annotations

Branches:
Dungeon (1/15)


Innate Abilities, Weirdness & Mutations

You have an increased reservoir of magic. (+10% MP)
You shall have no god before yourself.
Your divine heritage dramatically boosts your attributes as you level up.


Message History

Aim: an endoplasm (100% to hit)
The negative energy hits the endoplasm!
The endoplasm is drained!
You kill the endoplasm!
You feel drained.
You hit the hobgoblin.
The hobgoblin is lightly wounded.
The hobgoblin completely misses you.
You hit the hobgoblin.
You kill the hobgoblin!
Your magical contamination has completely faded away.
Your Conjurations skill increases to level 3!
The kobold throws a stone.
The stone barely misses you.
The kobold throws a stone.
The stone hits you but does no damage.
A kobold is nearby!
Okay, then.
The kobold hits you with a +0 dagger.
You barely miss the kobold. You hit the kobold.
You kill the kobold!
Found a book of Callings.
Things that are here:
a +0 dagger; a stone; a kobold corpse
f - a +0 dagger An endoplasm comes into view.
f - a +0 dagger (weapon)
The endoplasm quivers.
A hobgoblin comes into view.
The endoplasm closely misses you.
You hit the endoplasm.
The endoplasm is heavily wounded.
The endoplasm hits you.
You barely miss the endoplasm.
The endoplasm is heavily wounded.
The endoplasm hits you.
You hit the endoplasm.
The endoplasm is severely wounded.
The hobgoblin hits you. The endoplasm freezes you.
You are frozen.
You die...

#.##.#.######.# #.
########P. #.##.#.# #.#
## .# #P♣.#..
#.##.#.######.#########..
#.P##'
#.##.#.................#
#'##P.
#.##.############.####.#
#..... #.##+#
............[# #P♣..< #.#
..#####.(##### ##PPP♣
#..........# #####
#...@.........
+..gJ........#
........#....##..
....#.###..### # ..###.
##.# . :. .# #. .# ..


You could see an endoplasm and a hobgoblin.

Vanquished Creatures
  2 endoplasms (D:1)
  A hobgoblin (D:1)
  A kobold (D:1)
  A rat (D:1)
5 creatures vanquished.

Notes
Turn   | Place    | Note
-------+----------+-------------------------------------------
     0 | D:1      | dolemite99 the Demigod Reaver began the quest for the Orb.
     0 | D:1      | Reached XP level 1. HP: 17/17 MP: 5/5
   369 | D:1      | Reached skill level 3 in Conjurations
   382 | D:1      | Frozen to death by an endoplasm

Illustrated notes

Levels and vault maps discovered:
D:1:      denvon_arrival_planthouse, layout_basic, minivault_19,
          minmay_hexomino_r4

Skill      XL: |  1 |
---------------+----+-----
Conjurations   | 3 |  3.1
Fighting       | |  1.7
Dodging        | |  1.7
Unarmed Combat | |  2.6
Spellcasting   | |  1.7

Action                     || total
---------------------------++-------
  Melee: Unarmed           ||     4
         Dagger            ||     3
   Cast: Kiss of Death     ||     3
 Armour: Leather armour    ||     3
  Dodge: Dodged            ||     6
